 Dungeon Crawl Stone Soup version 0.21-a0-352-g5b8f553 (webtiles) character file.

7 tidbits the Grave Robber (level 1, 0/7 HPs)
             Began as a Felid Necromancer on Oct 10, 2017.
             Slain by a rat (1 damage)
             ... on level 1 of the Dungeon.
             The game lasted 00:00:43 (59 turns).

tidbits the Grave Robber (Felid Necromancer)          Turns: 59, Time: 00:00:44

Health: 0/7        AC:  1    Str:  4    XL:     1   Next: 83%
Magic:  0/4        EV: 18    Int: 16    God:
Gold:   0          SH:  0    Dex: 16    Spells: 2/4 levels left
                                        Lives:  0   Deaths: 0

rFire    . . .     SeeInvis +     - Unarmed
rCold    . . .     Gourm    .   (shield unavailable)
rNeg     . . .     Faith    .   (armour unavailable)
rPois    .         Spirit   .   (helmet unavailable)
rElec    .         Reflect  .   (cloak unavailable)
rCorr    .         Harm     .   (gloves unavailable)
MR       .....                  (boots unavailable)
Stlth    +++.......             (no amulet)
HPRegen  0.02/turn              (no ring)
MPRegen  0.09/turn              (no ring)

@: quick
A: no armour, no weapons or thrown items, stealth, claws 1, fangs 3, see
invisible, carnivore 3, speed 1, shaggy fur 1, slow metabolism 1, sharp paws
a: no special abilities


You were on level 1 of the Dungeon.
You were not hungry.

You visited 1 branch of the dungeon, and saw 1 of its levels.

Inventory:

Books
 a - a book of Necromancy

   Spells                             Type                      Level
   a - Pain                           Necromancy                   1
   b - Animate Skeleton               Necromancy                   1
   c - Vampiric Draining              Necromancy                   3
   d - Regeneration                   Charms/Necromancy            3
   e - Animate Dead                   Necromancy                   4
   f - Control Undead                 Necromancy                   4
Comestibles
 b - a meat ration
 c - a chunk of flesh


   Skills:
 - Level 2.7 Dodging
 - Level 2.7 Stealth
 + Level 1.3 Unarmed Combat
 - Level 2.0 Spellcasting
 - Level 4.0 Necromancy


You had 2 spell levels left.
You knew the following spells:

 Your Spells              Type           Power        Failure   Level  Hunger
a - Pain                  Necr           ##..         4%          1    #......
n - Animate Skeleton      Necr           N/A          4%          1    #......


Dungeon Overview and Level Annotations

Branches:
Dungeon (1/15)

Altars:


Innate Abilities, Weirdness & Mutations

You cannot wear armour.
You are incapable of wielding weapons or throwing items.
Your paws allow you to move quietly. (Stealth)
You have sharp claws.
You have razor-sharp teeth.
You have supernaturally acute eyesight. (SInv)
You are carnivorous and can eat meat at any time.
You cover ground quickly.
You are covered in fur. (AC +1)
You have a slow metabolism.
Your sharp claws are effective at attacking unaware monsters.


Message History

You see here a bat corpse.
A hobgoblin comes into view. It is wielding a club.
Found 18 stones.
You see here a bat corpse.
Memorise Animate Skeleton, consuming 1 spell level and leaving 2?
You start memorising the spell.
You continue memorising.
You finish memorising.
Spell assigned to 'n'.
Casting: Pain
Confirm with . or Enter, or press ? or * to list all spells.
You attempt to give life to the dead...
Before your eyes, flesh is ripped from the corpse!
The dead are flying!
c - a chunk of flesh A bat comes into view.
A kobold comes into view.
Casting: Animate Skeleton
Confirm with . or Enter, or press ? or * to list all spells.
Aiming: Pain
Press: ? - help, Shift-Dir - straight line, f - kobold
Aim: a kobold (resting, chance to defeat MR: 85%)
The kobold shouts!
The kobold writhes in agony!
You kill the kobold!
Casting: Pain
Confirm with . or Enter, or press ? or * to list all spells.
Aiming: Pain
Press: ? - help, Shift-Dir - straight line, f - hobgoblin
Aim: a hobgoblin, wielding a club (resting, chance to defeat MR: 85%)
The hobgoblin shouts!
The hobgoblin writhes in agony!
You kill the hobgoblin!
A bat comes into view.
Casting: Pain
Confirm with . or Enter, or press ? or * to list all spells.
You don't have enough magic to cast that spell.
The bat hits your bat skeleton.
Your bat skeleton misses the bat. x2
The bat hits your bat skeleton.
The bat barely misses your bat skeleton.
Your bat skeleton hits the bat but does no damage.
Your bat skeleton barely misses the bat.
Your bat skeleton hits the bat but does no damage.
The bat completely misses you.
You scratch the bat.
The bat is heavily wounded.
Your bat skeleton hits the bat but does no damage.
The bat closely misses you.
Your bat skeleton misses the bat.
The bat closely misses you.
Your bat skeleton hits the bat but does no damage.
Casting: Pain
Confirm with . or Enter, or press ? or * to list all spells.
You don't have enough magic to cast that spell.
Your bat skeleton hits the bat.
Your bat skeleton misses the bat.
The bat misses you.
You completely miss the bat. The bat completely misses you.
Your bat skeleton completely misses the bat.
The bat hits you.
* * * LOW HITPOINT WARNING * * *
Your bat skeleton hits the bat.
You closely miss the bat.
Your bat skeleton barely misses the bat.
The bat barely misses you.
Your bat skeleton barely misses the bat.
The bat hits you but does no damage.
Your bat skeleton hits the bat but does no damage.
You scratch the bat but do no damage. Your claw misses the bat.
The bat hits your bat skeleton.
Your bat skeleton closely misses the bat.
The bat barely misses you.
Your bat skeleton barely misses the bat.
Your bat skeleton misses the bat.
The bat hits your bat skeleton.
A rat comes into view.
The bat hits your bat skeleton.
You closely miss the bat. The bat misses you.
Your bat skeleton hits the bat.
The bat hits your bat skeleton.
Your bat skeleton is destroyed!
The bat misses you.
Casting: Pain
Confirm with . or Enter, or press ? or * to list all spells.
Aiming: Pain
Press: ? - help, Shift-Dir - straight line, f - bat
Aim: a bat (moderately wounded, chance to defeat MR: 85%)
The bat writhes in agony!
You kill the bat!
Your Unarmed Combat skill increases to level 1!
The bat misses you. The bat closely misses you. The bat barely misses you.
You scratch the bat but do no damage. You bite the bat.
You kill the bat!
You see here 19 stones.
Casting: Pain
Confirm with . or Enter, or press ? or * to list all spells.
Aiming: Pain
Press: ? - help, Shift-Dir - straight line, f - rat
Aim: a rat (chance to defeat MR: 85%)
The rat barely resists.
You scratch the rat.
The rat is severely wounded.
The rat bites you.
You die...

## #.# #.####
...##.##
.(.#8(8#
#...##.##
##.###.# #.#
#.#
#######r#######
#......@......#
#######.#######
#.# #.# #.# #<#
###


You could see a rat.

Vanquished Creatures
  3 bats (D:1)
  A hobgoblin (D:1)
  A kobold (D:1)
5 creatures vanquished.

Notes
Turn   | Place    | Note
-------+----------+-------------------------------------------
     0 | D:1      | tidbits the Felid Necromancer began the quest for the Orb.
     0 | D:1      | Reached XP level 1. HP: 7/7 MP: 4/4
    24 | D:1      | Learned a level 1 spell: Animate Skeleton
    42 | D:1      | Reached skill level 1 in Unarmed Combat
    59 | D:1      | Slain by a rat

Vault maps used:
D:1:      lemuel_arrival_cross

Skill      XL: |  1 |
---------------+----+-----
Unarmed Combat | 1 |  1.3
Dodging        | |  2.7
Stealth        | |  2.7
Spellcasting   | |  2.0
Necromancy     | |  4.0

Action                   || total
-------------------------++-------
Melee: Unarmed           ||     7
       Bite              ||     1
 Cast: Pain              ||     6
       Animate Skeleton  ||     1
Armor: Skin              ||     1
Dodge: Dodged            ||    13

Table legend:
 A = Spawn XP
 B = Non-spawn XP
 C = Spawn XP percentage of total XP
 D = Spawn monster count
 E = Non-spawn monster count
 F = Spawn count percentage of total count
 G = Total turns spent on level
                    A         B        C        D         E        F      G
               +---------+---------+-------+---------+---------+-------+---------
         Total |       0 |      10 |   0.0 |       0 |       5 |   0.0 |    59
               +---------+---------+-------+---------+---------+-------+---------
           D:1 |       0 |      10 |   0.0 |       0 |       5 |   0.0 |    59
               +---------+---------+-------+---------+---------+-------+---------

Table legend:
 A = Turns spent in this place as a percentage of turns spent in the entire game.
 B = Non-inter-level travel turns spent in this place as a percentage of non-inter-level travel turns spent in the entire game.
 C = Inter-level travel turns spent in this place as a percentage of turns spent in this place.
 D = Turns resting spent in this place as a percentage of non-inter-level travel turns spent in this place.
 E = Turns spent auto-exploring this place as a percentage of non-inter-level travel turns spent in this place.
 F = Non-inter-level travel turns spent in this place divided by the number of levels of this place that you've seen.
                   A       B       C       D       E      F
               +-------+-------+-------+-------+-------+----------------------
         Total | 100.0 | 100.0 |   0.0 |   0.0 |   0.0 |  59.0
       Dungeon | 100.0 | 100.0 |   0.0 |   0.0 |   0.0 |  59.0
               +-------+-------+-------+-------+-------+----------------------

Table legend:
 A = Kills in this place as a percentage of kills in entire the game.
 B = Kills by you in this place as a percentage of kills by you in the entire game.
 C = Kills by friends in this place as a percentage of kills by friends in the entire game.
 D = Other kills in this place as a percentage of other kills in the entire game.
 E = Experience gained in this place as a percentage of experience gained in the entire game.
 F = Experience gained in this place divided by the number of levels of this place that you have seen.
                   A       B       C       D       E      F
               +-------+-------+-------+-------+-------+----------------------
         Total | 100.0 | 100.0 |   N/A |   N/A | 100.0 |  10.0
       Dungeon | 100.0 | 100.0 |   N/A |   N/A | 100.0 |  10.0
               +-------+-------+-------+-------+-------+----------------------

Vault maps used:
D:1:      lemuel_arrival_cross
